 Dungeon Crawl Stone Soup version 0.28.0-45-g0d030f2227 (webtiles) character file.

Game seed: 5475404478871747272

9462 Mitsuki the Destroyer (level 11, -3/54 HPs)
             Began as a Deep Elf Conjurer on Apr 5, 2022.
             Was a Believer of Vehumet.
             Slain by an ettin
             ... wielding a +0 dire flail
              (19 damage)
             ... on level 2 of the Orcish Mines.
             The game lasted 00:36:47 (12744 turns).

Mitsuki the Destroyer (Deep Elf Conjurer)          Turns: 12744, Time: 00:36:48

Health: -3/54      AC:  7    Str:  6    XL:     11   Next: 23%
Magic:  4/38       EV: 12    Int: 32    God:    Vehumet [**....]
Gold:   938        SH:  0    Dex: 13    Spells: 20/35 levels left

rFire   + . .      SeeInvis +   x - staff of air
rCold   . . .      Faith    .   (no shield)
rNeg    . . .      Spirit   .   H - +2 robe {rF+}
rPois   .          Reflect  .   b - +0 helmet {SInv}
rElec   +          Harm     .   v - +0 cloak
rCorr   .          Rampage  .   (no gloves)
Will    +....                   I - +0 pair of boots
Stlth   ++........              h - amulet of regeneration
HPRegen 0.98/turn               A - ring of magical power
MPRegen 0.26/turn               G - +6 ring of intelligence

@: no status effects
A: no striking features
a: Renounce Religion


You were on level 2 of the Orcish Mines.
You worshipped Vehumet.
Vehumet was pleased with you.
You visited 3 branches of the dungeon, and saw 14 of its levels.

You collected 938 gold pieces.

Inventory:

Hand Weapons
 k - a +1 dagger of venom
Missiles
 C - 4 throwing nets
 L - a curare-tipped dart
Armour
 b - a +0 helmet of see invisible (worn)
 m - the +0 helmet of Forking Paths {Dex+2 Stlth+}
   (You took it off Robin on level 2 of the Dungeon)

   Dex:       It affects your dexterity (+2).
   Stlth:     It makes you more stealthy.
 v - a +0 cloak (worn)
 F - the +0 scale mail of Elyvilon's Benevolence {Fly Will+ Str-2}
   (You found it on level 7 of the Dungeon)

   Str:       It affects your strength (-2).
   Fly:       It grants you flight.
   Will:      It increases your willpower.
 H - a +2 robe of fire resistance (worn)
 I - a +0 pair of boots (worn)
 M - the +0 ring mail of Liberty {Drain +Blink Str+8 Stlth-}
   (You found it on level 9 of the Dungeon)

   Str:       It affects your strength (+8).
   +Blink:    It lets you blink.
   Drain:     It drains your maximum health when unequipped.
   Stlth:     It makes you less stealthy.
Magical Staves
 x - a staff of air (weapon)
Jewellery
 a - a ring of protection from cold
 h - an amulet of regeneration (around neck)
 t - a ring of poison resistance
 A - a ring of magical power (left hand)
 B - a ring of wizardry
 G - a +6 ring of intelligence (right hand)
 J - a ring of willpower
 N - an amulet of the acrobat
Wands
 z - a wand of iceblast (8)
 E - a wand of paralysis (8)
 K - a wand of polymorph (6)
Scrolls
 c - 5 scrolls of fog
 d - 4 scrolls of identify
 i - 5 scrolls of teleportation
 l - 4 scrolls of enchant armour
 n - 2 scrolls of brand weapon
 s - a scroll of summoning
 w - 4 scrolls of enchant weapon
 y - 2 scrolls of immolation
 O - a scroll of magic mapping
Potions
 f - 3 potions of berserk rage {unknown}
 g - a potion of resistance
 j - 8 potions of might {unknown}
 o - 2 potions of mutation {unknown}
 p - 2 potions of flight {unknown}
 q - 5 potions of curing {unknown}
 r - 3 potions of cancellation {unknown}
 u - 2 potions of heal wounds {unknown}
 D - 6 potions of lignification {unknown}
 P - a potion of degeneration {unknown}


   Skills:
 - Level 2.4 Dodging
 - Level 2.4 Stealth
 + Level 12.6 Spellcasting
 - Level 13.9 Conjurations
 * Level 9.4 Fire Magic


You had 20 spell levels left.
You knew the following spells:

 Your Spells              Type           Power      Damage    Failure   Level
a - Magic Dart            Conj           100%       1d8       0%          1
b - Searing Ray           Conj           100%       2d8       0%          2
c - Iskenderun's Mystic   Conj/Tloc      59%        2d12      1%          4
d - Flame Wave            Conj/Fire      76%        2d14      1%          4
e - Hailstorm             Conj/Ice       59%        3d13      1%          4

Your spell library contained the following spells:

 Spells                   Type           Power      Damage    Failure   Level
 Poisonous Vapours        Pois/Air       60%        N/A       3%          2
 Scorch                   Fire           100%       2d10      1%          2
 Dazzling Flash           Conj/Hex       100%       N/A       1%          3
 Fulminant Prism          Conj/Hex       29%        3d14      1%          4
 Freeze                   Ice            80%        1d9       2%          1
 Ensorcelled Hibernation  Hex/Ice        40%        N/A       3%          2
 Frozen Ramparts          Ice            40%        1d6       7%          3
 Gell's Gravitas          Tloc           20%        N/A       7%          3
 Lesser Beckoning         Tloc           20%        N/A       7%          3
 Portal Projectile        Hex/Tloc       40%        N/A       7%          3
 Spider Form              Tmut/Pois      20%        N/A       7%          3
 Teleport Other           Tloc           20%        N/A       7%          3
 Anguish                  Hex/Necr       10%        N/A       24%         4
 Passage of Golubria      Tloc           20%        N/A       24%         4
 Borgnjor's Vile Clutch   Necr/Erth      10%        N/A       54%         5
 Summon Cactus Giant      Summ           10%        N/A       98%         6


Dungeon Overview and Level Annotations

Branches:
Dungeon (11/15)            Temple (1/1) D:5            Lair (0/6) D:9
    Orc (2/2) D:11            Elf (0/3) Orc:2

Altars:
Ashenzari
Cheibriados
Dithmenos
Elyvilon
Fedhas
Gozag
Hepliaklqana
Kikubaaqudgha
Makhleb
Nemelex Xobeh
Okawaru
Qazlal
Ru
Sif Muna
Trog
Uskayaw
Vehumet
Wu Jian
Xom
Yredelemnul
Zin
The Shining One


Message History

The cyclops is severely wounded.
You hear a shout!
You now have 19/38 mp.
Casting: Iskenderun's Mystic Blast (dangerous; 1% risk of failure)
Confirm with . or Enter, or press ? or * to list all spells.
You erupt in a blast of force!
The mystic blast hits the cyclops!
The cyclops is almost dead.
You hear a shout! x2
You now have 15/38 mp.
Casting: Iskenderun's Mystic Blast (dangerous; 1% risk of failure)
Confirm with . or Enter, or press ? or * to list all spells.
You erupt in a blast of force!
The mystic blast hits the ettin!
The ettin is heavily wounded.
The ettin is knocked back by the mystic blast.
The mystic blast hits the cyclops!
You kill the cyclops!
Vehumet accepts your kill.
You feel your power returning.
You now have 13/38 mp.
Casting: Iskenderun's Mystic Blast (dangerous; 1% risk of failure)
Confirm with . or Enter, or press ? or * to list all spells.
The magic dart hits the ettin.
The ettin is severely wounded.
You now have 12/38 mp.
Casting: Magic Dart (safe; 0% risk of failure)
Confirm with . or Enter, or press ? or * to list all spells.
You erupt in a blast of force!
The mystic blast hits the ettin!
The ettin is severely wounded.
* * * LOW MAGIC WARNING * * *
An orc comes into view. It is wielding a +0 dagger.
You now have 8/38 mp.
Casting: Iskenderun's Mystic Blast (dangerous; 1% risk of failure)
Confirm with . or Enter, or press ? or * to list all spells.
You erupt in a blast of force!
The mystic blast hits the ettin!
The ettin is almost dead.
* * * LOW MAGIC WARNING * * *
The ettin hits you with a +0 dire flail!!
* * * LOW HITPOINT WARNING * * *
The ettin hits you with a +0 dire flail!!
You die...

.............
............ $
...........# ..
...........#...
o..............
.....$.........
.............#
......C@....#
>.$..).)....#
...........##
.........).#
..........##
..........)
#.#.........
####.######.#


You could see an ettin and an orc.

Vanquished Creatures
  Harold (D:7)
  2 two-headed ogres
  Urug (D:11)
  2 cyclopes
  A troll (D:9)
  A hornet (D:10)
  9 yaks
  A wraith (D:8)
  A steam dragon (D:9)
  2 water moccasins
  A black bear (D:6)
  5 orc warriors
  2 ice beasts (D:6)
  3 necrophages
  A hornet zombie (D:9)
  An ogre (D:5)
  5 centaurs
  2 kobold brigands
  A gnoll sergeant (D:10)
  3 bullfrogs
  A water moccasin zombie (D:4)
  A wyvern zombie (D:7)
  10 wights
  9 killer bees
  3 howler monkeys (D:9)
  A bullfrog zombie (D:6)
  2 centaur zombies
  A bullfrog skeleton (D:6)
  A centaur skeleton (D:2)
  A gnoll shaman (D:7)
  6 orc priests
  8 orc wizards
  2 killer bee zombies
  A hound skeleton (D:5)
  2 howler monkey zombies
  Robin (D:2)
  7 gnolls
  A howler monkey skeleton (D:7)
  5 adders
  A white imp (D:7)
  11 dart slugs
  22 orcs
  6 ball pythons
  7 endoplasms
  12 giant cockroaches
  15 goblins
  11 hobgoblins
  8 quokkas
  4 bats
  18 kobolds
  2 rats (D:3)
225 creatures vanquished.

Vanquished Creatures (others)
  A human (D:4)
1 creature vanquished.

Grand Total: 226 creatures vanquished

Notes
Turn   | Place    | Note
-------+----------+-------------------------------------------
     0 | D:1      | Mitsuki the Deep Elf Conjurer began the quest for the Orb.
     0 | D:1      | Reached XP level 1. HP: 10/10 MP: 6/6
   226 | D:1      | Reached XP level 2. HP: 15/15 MP: 6/8
   607 | D:1      | Reached skill level 5 in Conjurations
  1004 | D:2      | Learned a level 2 spell: Searing Ray
  1011 | D:2      | Identified the +0 helmet of Forking Paths {Dex+2 Stlth+}
  1011 | D:2      | Noticed Robin
  1013 | D:2      | Reached XP level 3. HP: 19/19 MP: 7/10
  1032 | D:2      | Killed Robin
  1354 | D:2      | Reached XP level 4. HP: 24/24 MP: 3/12
  1614 | D:2      | Got the Reference Book on Displaced Black Magic
  1822 | D:3      | Reached skill level 6 in Conjurations
  2273 | D:3      | Found an opulent altar of Gozag.
  2613 | D:4      | Reached XP level 5. HP: 28/28 MP: 8/13
  2792 | D:4      | Reached skill level 5 in Spellcasting
  2948 | D:4      | Found an iron altar of Okawaru.
  3386 | D:4      | Found an ancient bone altar of Kikubaaqudgha.
  3389 | D:4      | Noticed a human
  3391 | D:4      | Killed a human
  3423 | D:5      | Entered Level 5 of the Dungeon
  3570 | D:5      | Reached skill level 7 in Conjurations
  3865 | D:5      | Found a snail-covered altar of Cheibriados.
  3887 | D:5      | Noticed an ogre
  3908 | D:5      | Noticed a necrophage
  3930 | D:5      | Killed a necrophage
  3931 | D:5      | Reached XP level 6. HP: 30/32 MP: 6/16
  4045 | D:5      | Learned a level 4 spell: Iskenderun's Mystic Blast
  4091 | D:5      | Found a staircase to the Ecumenical Temple.
  4100 | Temple   | Entered the Ecumenical Temple
  4129 | Temple   | Became a worshipper of Vehumet
  4339 | D:5      | Found a sacrificial altar of Ru.
  4495 | D:5      | Reached skill level 8 in Conjurations
  4718 | D:6      | Reached XP level 7. HP: 36/36 MP: 11/18
  5044 | D:6      | Reached skill level 9 in Conjurations
  5152 | D:6      | Noticed a yak
  5154 | D:6      | Noticed a yak
  5156 | D:6      | Noticed a yak
  5161 | D:6      | Noticed a yak
  5166 | D:6      | Killed a yak
  5167 | D:6      | Reached XP level 8. HP: 35/41 MP: 12/21
  5263 | D:6      | Reached skill level 10 in Conjurations
  5546 | D:6      | Reached skill level 11 in Conjurations
  5781 | D:6      | Reached * piety under Vehumet
  5781 | D:6      | Offered knowledge of Shock by Vehumet.
  6177 | D:7      | Noticed Harold
  6186 | D:7      | Killed Harold
  6187 | D:7      | Reached skill level 12 in Conjurations
  6187 | D:7      | Reached XP level 9. HP: 44/45 MP: 21/24
  6247 | D:7      | Reached skill level 10 in Spellcasting
  6392 | D:7      | Learned a level 4 spell: Flame Wave
  6691 | D:7      | Reached skill level 1 in Fire Magic
  6743 | D:7      | Found an ornate altar of the Wu Jian Council.
  6754 | D:7      | Identified the +0 scale mail of Elyvilon's Benevolence {Fly
                  | Will+ Str-2}
  7095 | D:7      | Noticed a cyclops
  7112 | D:7      | Killed a cyclops
  8049 | D:8      | You fall into a shaft and drop 2 floors!
  8049 | D:10     | Entered Level 10 of the Dungeon
  8254 | D:8      | Reached XP level 10. HP: 50/50 MP: 21/26
  8400 | D:8      | Reached skill level 13 in Conjurations
  8448 | D:8      | Found a sparkling altar of Nemelex Xobeh.
  8962 | D:9      | Reached skill level 5 in Fire Magic
  9061 | D:9      | Identified the +0 ring mail of Liberty {Drain +Blink Str+8
                  | Stlth-}
  9087 | D:9      | Offered knowledge of Static Discharge by Vehumet.
  9304 | D:9      | Identified the +4 scimitar of Day {drain, rN++ Int+3}
  9380 | D:9      | Found a staircase to the Lair.
  9495 | D:9      | Noticed a two-headed ogre
  9504 | D:9      | Killed a two-headed ogre
 10212 | D:10     | Reached ** piety under Vehumet
 10613 | D:10     | Noticed a two-headed ogre
 10713 | D:10     | Killed a two-headed ogre
 10714 | D:10     | Reached XP level 11. HP: 54/54 MP: 20/29
 10963 | D:10     | Found a hide-covered altar of Uskayaw.
 10972 | D:10     | Found a shimmering altar of Xom.
 10975 | D:10     | Found a shadowy altar of Dithmenos.
 11736 | D:11     | Noticed a boulder beetle
 11747 | D:11     | HP: 1/54 [boulder beetle (17)]
 12046 | D:11     | Noticed Urug
 12087 | D:11     | Killed Urug
 12247 | D:11     | Found a staircase to the Orcish Mines.
 12265 | D:11     | Learned a level 4 spell: Hailstorm
 12298 | Orc:1    | Entered Level 1 of the Orcish Mines
 12722 | Orc:2    | Entered Level 2 of the Orcish Mines
 12722 | Orc:2    | Found a staircase to the Elven Halls.
 12723 | Orc:2    | Offered knowledge of Poisonous Vapours by Vehumet.
 12731 | Orc:2    | Noticed an ettin
 12744 | Orc:2    | Slain by an ettin

Illustrated notes

Levels and vault maps discovered:
D:1:      lightli_arrival_boilingwater, layout_loops_ring
D:2:      layout_loops_ring, mrwooster_statue_mirror, uniq_robin
D:3:      minmay_roachtagon, layout_rooms, marbit_many_paths
D:4:      layout_loops_ring, tgw_kikubaaqudgha, okawaru_metal_pillars_3
D:5:      kennysheep_slugbush, layout_cave_pools, cheibriados_altar_1,
          nicolae_ru_sacrificial_ziggurat, minmay_temple_entry_glassed_door
D:6:      minmay_general_purpose_star, layout_rooms, kennysheep_doodads,
          nicolae_fountain_basement
D:7:      wander_river, layout_basic, overflow_temple_1_default, uniq_harold
D:8:      layout_basic, nemelex_spade_bored_becter
D:9:      layout_gridville, lair_entry_dummy, kennysheep_generic_room_10
D:10:     layout_irregular_city, minmay_overflow_temple_star_quad,
          serial_co_window_serial, co_window_paths_a, co_window_corner_a,
          co_window_paths_a, co_window_paths_a, co_window_paths_a,
          co_window_broadway_a, co_window_unsneaky_path_e, co_window_broadway_c,
          co_window_4corner_a, co_window_paths_e, glass_columns_a,
          glass_columns_a, glass_columns_c, enter_bailey_5, grunt_ministairs_6
D:11:     layout_gridville, orc_0_dummy, uniq_urug, uniq_josephine
Temple:   minmay_temple_bridge_abc
Orc:1:    layout_caves
Orc:2:    grunt_orc_gardens, layout_caves, grunt_orc_garden, grunt_orc_garden,
          grunt_orc_garden, grunt_orc_garden, serial_shops,
          nicolae_shop_overgrown_old_shop, lightli_orcish_oven

Skill      XL: |  1  2  3  4  5  6  7  8  9 10 11 |
---------------+----------------------------------+-----
Conjurations   | 5 6 7 8 9 12 13 | 13.9
Spellcasting   | 4 5 6 7 9 10 12 | 12.6
Fire Magic     | 4 8 9 |  9.4
Dodging        | |  2.4
Stealth        | |  2.4

Action                   |  1- 3 |  4- 6 |  7- 9 | 10-12 || total
-------------------------+-------+-------+-------+-------++-------
Melee: Staff             |       |       |     7 |     2 ||     9
 Cast: Magic Dart        |    62 |   132 |   130 |   120 ||   444
       Searing Ray       |     1 |     6 |    24 |     6 ||    37
       Iskenderun's Myst |       |       |    24 |    71 ||    95
       Flame Wave        |       |       |     2 |     7 ||     9
Evoke: Wand              |       |       |     4 |       ||     4
  Use: Scroll            |       |       |     8 |     3 ||    11
Armor: Robe              |     2 |     9 |    15 |    21 ||    47
Dodge: Dodged            |     6 |     9 |    31 |    42 ||    88
